 Dungeon Crawl Stone Soup version 0.28-a0-1638-g9123634e07 (webtiles) character file.

Game seed: 2789172572320989390

4756 HallandMoats the Skirmisher (level 10, -2/86 HPs)
             Began as a Ghoul Monk on Jan 25, 2022.
             Was a High Priest of Okawaru.
             Slain by a yak (11 damage)
             ... on level 9 of the Dungeon.
             The game lasted 00:11:39 (8992 turns).

HallandMoats the Skirmisher (Ghoul Monk)            Turns: 8992, Time: 00:11:40

Health: -2/86      AC: 13    Str: 20    XL:     10   Next: 46%
Magic:  0/13       EV:  7    Int:  5    God:    Okawaru [*****.]
Gold:   449        SH:  7    Dex: 11    Spells: 9/9 levels left

rFire   . . .      SeeInvis +   b - +2 whip (venom)
rCold   + + .      Faith    .   I - +0 kite shield
rNeg    + + +      Spirit   +   E - +2 chain mail {rC+}
rPois   ∞          Reflect  .   h - +0 helmet
rElec   .          Harm     .   (no cloak)
rCorr   .          Rampage  .   (no gloves)
Will    +....                   (no boots)
Stlth   ..........              K - amulet of guardian spirit
HPRegen 0.00/turn               d - ring of willpower
MPRegen 0.13/turn               s - ring of see invisible

@: inhibited regen, studying Polearms
A: claws 1, cold resistance 1, negative energy resistance 3, inhibited
regeneration, torment resistance 2
a: Renounce Religion, Heroism, Finesse, Duel


You were on level 9 of the Dungeon.
You worshipped Okawaru.
Okawaru was extremely pleased with you.
You visited 1 branch of the dungeon, and saw 9 of its levels.

You collected 449 gold pieces.

Inventory:

Hand Weapons
 a - a +2 mace of protection
 b - a +2 whip of venom (weapon)
 D - the +7 great mace "Gamir" {drain, rC+}
   (Okawaru gifted it to you on level 7 of the Dungeon)

   A truly terrible weapon, it drains the life of any living foe it strikes.
   rC:        It protects you from cold.
Armour
 h - a +0 helmet (worn)
 E - a +2 chain mail of cold resistance (worn)
 I - a +0 kite shield (worn)
Jewellery
 d - a ring of willpower (left claw)
 s - a ring of see invisible (right claw)
 K - an amulet of guardian spirit (around neck)
Wands
 j - a wand of digging (3)
 q - a wand of paralysis (8)
 t - a wand of iceblast (12)
 C - a wand of flame (21)
 F - a wand of polymorph (11)
Scrolls
 c - a scroll of blinking
 e - 3 scrolls of identify {unknown}
 g - a scroll of vulnerability {unknown}
 k - a scroll of enchant weapon {unknown}
 m - a scroll of silence {unknown}
 n - 4 scrolls of immolation {unknown}
 o - 3 scrolls of teleportation {unknown}
 u - a scroll of amnesia {unknown}
 w - a scroll of noise {unknown}
 B - a scroll of enchant armour {unknown}
 J - a scroll of fear {unknown}
Potions
 f - 2 potions of magic {unknown}
 i - a potion of invisibility
 l - a potion of mutation {unknown}
 p - a potion of haste {unknown}
 r - a potion of brilliance {unknown}
 v - 2 potions of curing
 x - 3 potions of heal wounds
 z - 2 potions of attraction {unknown}
 A - 2 potions of flight {unknown}
 G - a potion of ambrosia {unknown}
 H - a potion of might {unknown}


   Skills:
 + Level 7.5 Fighting
 + Level 6.7 Maces & Flails
 + Level 7.0 Polearms
 + Level 5.2 Armour
 + Level 6.1 Dodging
 - Level 2.1 Stealth
 * Level 1.3 Shields
 + Level 6.2 Invocations


You had 9 spell levels left.
You didn't know any spells.
Your spell library contained the following spells:

 Spells                   Type           Power      Damage    Failure   Level
 Ensorcelled Hibernation  Hex/Ice        0%         N/A       100%        2
 Anguish                  Hex/Necr       0%         N/A       100%        4
 Spider Form              Tmut/Pois      Unusable   N/A       N/A         3

Dungeon Overview and Level Annotations

Branches:
Dungeon (9/15)             Temple (0/1) D:6
   Lair: D:8-11         Orc: D:9-12

Altars:
Okawaru
Wu Jian
Zin

Shops:
D:3 [


Innate Abilities, Weirdness & Mutations

You thrive by killing the living.
You are immune to poison.
You have sharp fingernails.
Your flesh is cold resistant. (rC+)
You are immune to negative energy. (rN+++)
You do not regenerate when monsters are visible.
You are immune to unholy pain and torment.


Message History

You hit the yak but do no damage.
The yak looks as sick as possible!
The yak is moderately wounded.
The yak barely misses you.
You hit the yak.
The yak looks as sick as possible!
The yak is moderately wounded.
The yak gores you!
You hit the yak.
The yak looks as sick as possible!
The yak is heavily wounded.
The yak gores you!
You hit the yak.
The yak is severely wounded.
The yak gores you!
You hit the yak.
The yak looks as sick as possible!
The yak is severely wounded.
The yak gores you but does no damage.
You hit the yak but do no damage.
The yak is severely wounded.
The yak barely misses you.
You hit the yak.
The yak looks as sick as possible!
The yak is almost dead.
You kill the yak!
Okawaru accepts your kill.
You feel better.
You hit the yak but do no damage.
The yak is poisoned.
The yak gores you but does no damage.
You hit the yak.
The yak is lightly wounded.
The yak gores you.
You hit the yak.
The yak looks as sick as possible!
The yak is moderately wounded.
The yak gores you!
* * * LOW HITPOINT WARNING * * *
You hit the yak but do no damage.
The yak looks as sick as possible!
The yak is moderately wounded.
The yak gores you!
* * * LOW HITPOINT WARNING * * *
You hit the yak but do no damage.
The yak looks as sick as possible!
The yak is heavily wounded.
The yak gores you!
You die...

.. #..# .# ...
#..# ..#
....###..##..##
....Y..........
Y.Y........<.#
#......#
#.####.# #Y# #@#
# #.# .# .
#.####.# ..
#......#
...###......###
................
.........###....
....##..<# ..>
... #...# #


You could see a yak (extremely poisoned).

Vanquished Creatures
  A boulder beetle (D:7)
  A two-headed ogre (D:7)
  Grinder (D:6)
  A hornet (D:5)
  3 yaks (D:9)
  4 wyverns
  A steam dragon (D:8)
  2 water moccasins
  A sky beast (D:6)
  3 black bears
  2 ogres
  A kobold brigand (D:8)
  A gnoll sergeant (D:8)
  2 scorpions
  2 wyvern skeletons (D:7)
  A water moccasin skeleton (D:6)
  3 hounds
  3 centaur skeletons
  A bullfrog skeleton (D:5)
  4 orc priests
  A gnoll shaman (D:4)
  Jessica (D:2)
  5 iguanas
  Terence (D:2)
  6 orc wizards
  A hound skeleton (D:4)
  Robin (D:2)
  6 gnolls
  A howler monkey skeleton (D:3)
  An adder (D:5)
  A shadow imp (D:8)
  3 white imps
  An ufetubus (D:6)
  An adder skeleton (D:4)
  A worm (D:2)
  A dart slug (D:2)
  29 orcs
  5 endoplasms
  2 giant cockroaches (D:1)
  11 goblins
  5 hobgoblins
  3 jackals (D:1)
  6 ball pythons
  4 bats
  2 frilled lizards
  9 kobolds
  A quokka skeleton (D:4)
  4 rats
151 creatures vanquished.

Notes
Turn   | Place    | Note
-------+----------+-------------------------------------------
     0 | D:1      | HallandMoats the Ghoul Monk began the quest for the Orb.
     0 | D:1      | Reached XP level 1. HP: 19/19 MP: 0/0
    73 | D:1      | Found a faded altar of an unknown god.
    94 | D:1      | Prayed at the altar of an unknown god.
    94 | D:1      | Became a worshipper of Warmaster Okawaru
    94 | D:1      | Reached * piety under Okawaru
    94 | D:1      | Reached ** piety under Okawaru
   275 | D:1      | Reached XP level 2. HP: 25/26 MP: 1/1
   859 | D:2      | Noticed Terence
  1214 | D:2      | Noticed Robin
  1530 | D:1      | Reached XP level 3. HP: 26/33 MP: 2/2
  1622 | D:2      | Killed Robin
  1971 | D:2      | Killed Terence
  1971 | D:2      | Reached *** piety under Okawaru
  1972 | D:2      | Reached skill level 1 in Invocations
  1972 | D:2      | Reached XP level 4. HP: 23/40 MP: 3/3
  2128 | D:2      | Noticed Jessica
  2139 | D:2      | Killed Jessica
  2140 | D:2      | Reached skill level 1 in Armour
  2215 | D:2      | Reached skill level 1 in Maces & Flails
  2757 | D:3      | Reached XP level 5. HP: 41/46 MP: 4/4
  2859 | D:3      | Found Waanun's Armour Emporium.
  3516 | D:4      | Reached XP level 6. HP: 44/53 MP: 6/6
  3947 | D:4      | Reached **** piety under Okawaru
  4239 | D:4      | Noticed a black bear
  4244 | D:4      | Killed a black bear
  4245 | D:4      | Reached XP level 7. HP: 58/60 MP: 6/8
  4442 | D:5      | Entered Level 5 of the Dungeon
  4545 | D:5      | Reached skill level 5 in Fighting
  4655 | D:5      | Noticed a hornet
  4895 | D:5      | Killed a hornet
  4896 | D:5      | Reached XP level 8. HP: 19/68 MP: 9/9
  5770 | D:6      | Noticed a wyvern
  5787 | D:6      | Killed a wyvern
  5852 | D:6      | Found a staircase to the Ecumenical Temple.
  5892 | D:6      | Reached skill level 5 in Maces & Flails
  5949 | D:6      | Reached ***** piety under Okawaru
  6107 | D:6      | Noticed a wyvern
  6137 | D:6      | Killed a wyvern
  6138 | D:6      | Reached XP level 9. HP: 26/75 MP: 11/11
  6192 | D:6      | Noticed Grinder
  6211 | D:6      | Killed Grinder
  6212 | D:6      | Reached skill level 5 in Dodging
  6641 | D:7      | Identified the +7 great mace "Gamir" {drain, rC+} (Okawaru
                  | gifted it to you on level 7 of the Dungeon)
  6641 | D:7      | Received a gift from Okawaru
  6642 | D:7      | Reached skill level 5 in Invocations
  6679 | D:7      | Noticed a two-headed ogre
  6958 | D:7      | Noticed a boulder beetle
  6983 | D:7      | Killed a boulder beetle
  6984 | D:7      | Reached skill level 5 in Polearms
  7061 | D:7      | Reached XP level 10. HP: 64/86 MP: 13/13
  7401 | D:7      | Killed a two-headed ogre
  7801 | D:7      | Reached skill level 5 in Armour
  8232 | D:8      | Found an ornate altar of the Wu Jian Council.
  8978 | D:9      | Reached skill level 1 in Shields
  8992 | D:9      | Slain by a yak

Illustrated notes

Levels and vault maps discovered:
D:1:      dpeg_arrival_more_subterranean_lakeside_camping, layout_basic,
          basic_ecumenical_altar
D:2:      layout_basic, uniq_jessica, uniq_robin, uniq_terence
D:3:      layout_rooms, serial_shops, shop_fountains
D:4:      layout_gridville, zin_scriptorium
D:5:      layout_rooms, hangedman_decor_growths
D:6:      layout_basic, minmay_temple_entry_large_hall, uniq_grinder
D:7:      layout_cave_pods
D:8:      layout_basic, mainiacjoe_overflow_brackets
D:9:      layout_long_grid, lair_entry_dummy, nicolae_transmutations_shop,
          minmay_misc_feat_chi, uniq_pikel

Skill      XL: |  1  2  3  4  5  6  7  8  9 10 |
---------------+-------------------------------+-----
Polearms       | 3 5 7 |  7.0
Fighting       | 4 5 6 7 |  7.5
Dodging        | 3 4 5 6 |  6.1
Invocations    | 1 2 3 4 5 6 |  6.2
Armour         | 1 2 3 4 5 |  5.2
Maces & Flails | 1 2 3 4 5 6 |  6.7
Shields        | 1 |  1.3
Stealth        | |  2.1

Action                   |  1- 3 |  4- 6 |  7- 9 | 10-12 || total
-------------------------+-------+-------+-------+-------++-------
Melee: Spear             |   151 |       |       |       ||   151
       Punch             |     4 |     6 |     4 |     2 ||    16
       Whip              |    10 |   163 |   226 |   165 ||   564
       Great mace        |       |       |    31 |       ||    31
Invok: Heroism           |     1 |     1 |     4 |     2 ||     8
       Finesse           |       |       |     1 |     1 ||     2
Evoke: Wand              |       |       |       |     1 ||     1
  Use: Potion            |     3 |       |       |     2 ||     5
       Scroll            |     1 |       |       |       ||     1
 Stab: Sleeping          |     3 |       |       |       ||     3
       Invisible         |     3 |       |       |       ||     3
Armor: Robe              |     6 |       |       |       ||     6
       Scale mail        |    42 |    80 |    73 |       ||   195
       Chain mail        |       |       |    14 |    56 ||    70
Dodge: Dodged            |    80 |    84 |   146 |    59 ||   369
Block: Kite shield       |       |       |       |     9 ||     9

Table legend: (Time is in decaauts)
 A = Elapsed time spent in this place.
 B = Non-inter-level travel time spent in this place.
 C = Inter-level travel time spent in this place.
 D = Time resting spent in this place.
 E = Time spent auto-exploring this place.
 F = Levels seen in this place.
 G = Mean time per level.
                   A        B        C        D        E       F      G
               +--------+--------+--------+--------+--------+-----+--------+
         Total |   8928 |   8705 |    223 |    971 |   6076 |   9 |  992.0 |
       Dungeon |   8928 |   8705 |    223 |    971 |   6076 |   9 |  992.0 |
               +--------+--------+--------+--------+--------+-----+--------+

Top non-repeatable levels by time:
     D:6: 1541 daAuts
     D:4: 1463 daAuts
     D:2: 1278 daAuts
     D:1: 1253 daAuts
     D:7: 1120 daAuts
     D:8: 996 daAuts
     D:5: 784 daAuts
     D:3: 436 daAuts
     D:9: 54 daAuts
